 Dungeon Crawl Stone Soup version 0.25.0-37-gb73750e0fb (webtiles) character file.

Game seed: 11902346261180871379

1115 xccam the Slicer (level 8, -8/54 HPs)
             Began as an Octopode Assassin on July 8, 2020.
             Was a Follower of Uskayaw.
             Mangled by a scorpion (10 damage)
             ... on level 6 of the Dungeon.
             The game lasted 00:06:19 (4697 turns).

xccam the Slicer (Octopode Assassin)                Turns: 4697, Time: 00:06:20

Health: -8/54      AC:  1    Str: 10    XL:     8   Next: 34%
Magic:  8/8        EV: 15    Int: 20    God:    Uskayaw [*.....]
Gold:   160        SH:  0    Dex: 17    Spells: 7/7 levels left

rFire    + . .     SeeInvis .   i - +2 dagger (elec)
rCold    . . .     Gourm    .   (no shield)
rNeg     . . .     Faith    .   (helmet restricted)
rPois    +         Spirit   .   (no amulet)
rElec    .         Reflect  .   m - ring of protection from fire
rCorr    .         Harm     .   g - +6 ring of intelligence
MR       .....                  (no ring)
Stlth    ++++......             (no ring)
HPRegen  0.18/turn              (no ring)
MPRegen  0.11/turn              (no ring)
                                (no ring)
                                (no ring)

@: lethally poisoned (-8 -> -11), about to teleport, flying
A: almost no armour, stealthy swim, amphibious, 8 rings, constrict 8, camouflage
1, agile 1, high mp 1, poison resistance, gelatinous body 1
a: Stomp, Renounce Religion


You were on level 6 of the Dungeon.
You worshipped Uskayaw.
Uskayaw was noncommittal.
You were hungry.

You visited 1 branch of the dungeon, and saw 6 of its levels.

You collected 285 gold pieces.
You spent 125 gold pieces at shops.

Inventory:

Hand Weapons
 i - a +2 dagger of electrocution (weapon)
Missiles
 b - 12 poisoned darts (quivered)
 c - 2 curare-tipped darts
Jewellery
 g - a +6 ring of intelligence (right tentacle)
 m - a ring of protection from fire (left tentacle)
Wands
 p - a wand of enslavement (3)
Scrolls
 a - a scroll of remove curse
 k - 3 scrolls of enchant weapon
 s - a scroll of blinking {unknown}
 t - 3 scrolls of identify
Potions
 f - a potion of cancellation
 h - 2 potions of brilliance
 l - a potion of haste
 r - a potion of flight
 u - a potion of resistance
Comestibles
 d - 10 rations
 w - 3 chunks of flesh


   Skills:
 - Level 4.0 Fighting
 + Level 8.2 Short Blades
 - Level 2.0 Throwing
 - Level 4.0 Dodging
 - Level 5.3 Stealth


You had 7 spell levels left.
You didn't know any spells.
Your spell library was empty.

Dungeon Overview and Level Annotations

Branches:
Dungeon (6/15)             Temple (0/1) D:4

Altars:
Elyvilon
Nemelex Xobeh
Uskayaw

Shops:
D:4 *


Innate Abilities, Weirdness & Mutations

You cannot wear most types of armour.
You are very stealthy in the water. (Stealth+)
You are amphibious.
You can wear up to eight rings at the same time.
You can use your tentacles to constrict eight enemies at once.
Your skin changes colour to match your surroundings (Stealth+).
Your rubbery body absorbs attacks. (AC +1, EV +1)
You are agile. (Dex +2)
You have an increased reservoir of magic. (+10% MP)
Your system is resistant to poisons. (rPois)


Message History

The necrophage hits you but does no damage.
The ogre closely misses you.
You can no longer pass through a line of other dancers.
* * * LOW HITPOINT WARNING * * *
You feel sick.
The orc wizard gestures wildly while chanting.
The orc wizard blinks!
* * * LOW HITPOINT WARNING * * *
You feel sick.
Okay, then.
As you read the scroll labeled JODAIMOKEAT, it crumbles to dust.
The creatures around you are filled with an inner flame!
It was a scroll of immolation.
The scorpion closely misses you.
Unknown command.
Okay, then.
As you read the scroll labeled UKOWNU ASEOZERGH, it crumbles to dust.
You feel strangely unstable.
It was a scroll of teleportation.
* * * LOW HITPOINT WARNING * * *
You feel sick. The ogre barely misses you. The scorpion stings you!
You die...

* *** ######
,,*##....#######
.,##........##.##
..#....§........#
...<............#
.........)††)..##
.......†..o†).n###
........†####.os@#
.........# ##.O##
.........# #.##
........?# ###
........##
..##...##*
#.,.....,*
#*#.....,* *
****,,,*


You could see an ogre (inner flame), a necrophage (inner flame), a scorpion
(inner flame), an orc wizard (fast) and an orc (inner flame).

Vanquished Creatures
  The ghost of Kono the Shield-Bearer, an amateur GrFi (D:3)
  An ogre (D:5)
  2 scorpions
  3 wights (D:6)
  3 hounds (D:5)
  A jelly (D:3)
  2 orc wizards (D:5)
  Jessica (D:3)
  A bullfrog skeleton (D:5)
  Ijyb (D:3)
  An iguana (D:5)
  5 worker ants
  8 gnolls
  8 adders
  4 oozes
  4 worms
  2 dart slugs
  4 leopard geckos
  4 orcs
  4 ball pythons
  4 giant cockroaches
  6 goblins
  6 hobgoblins
  7 jackals
  2 quokkas (D:3)
  4 bats
  4 frilled lizards
  A giant cockroach zombie (D:5)
  10 kobolds
  A quokka skeleton (D:5)
  10 rats
115 creatures vanquished.

Vanquished Creatures (others)
  A phantom (D:6)
1 creature vanquished.

Grand Total: 116 creatures vanquished

Notes
Turn   | Place    | Note
-------+----------+-------------------------------------------
     0 | D:1      | xccam the Octopode Assassin began the quest for the Orb.
     0 | D:1      | Reached XP level 1. HP: 14/14 MP: 1/1
    80 | D:1      | Reached XP level 2. HP: 19/19 MP: 2/2
    94 | D:1      | Reached skill level 3 in Short Blades
   510 | D:1      | Reached XP level 3. HP: 24/24 MP: 3/3
   789 | D:2      | You fall into a shaft and drop 2 floors!
   798 | D:3      | Found a runed translucent door.
   798 | D:3      | Noticed Kono's ghost (amateur GrFi)
   864 | D:3      | Reached skill level 4 in Short Blades
   958 | D:2      | Reached XP level 4. HP: 29/29 MP: 4/4
  1730 | D:2      | Reached skill level 5 in Short Blades
  1736 | D:2      | Reached XP level 5. HP: 34/34 MP: 5/5
  2280 | D:3      | Noticed Jessica
  2288 | D:3      | Killed Jessica
  2443 | D:3      | Noticed Ijyb
  2450 | D:3      | Killed Ijyb
  2450 | D:3      | Reached skill level 6 in Short Blades
  2536 | D:3      | Reached XP level 6. HP: 27/39 MP: 6/6
  2916 | D:3      | Found a white marble altar of Elyvilon.
  2917 | D:3      | Found a sparkling altar of Nemelex Xobeh.
  2920 | D:3      | Found a hide-covered altar of Uskayaw.
  2932 | D:3      | Became a worshipper of Uskayaw the Reveler
  3053 | D:3      | Reached * piety under Uskayaw
  3057 | D:3      | Killed Kono's ghost
  3057 | D:3      | Reached ** piety under Uskayaw
  3417 | D:4      | Reached XP level 7. HP: 46/46 MP: 7/7
  3425 | D:4      | Found Bowo's Assorted Antiques.
  3441 | D:4      | Bought a small ruby ring for 125 gold pieces
  3471 | D:4      | Found a staircase to the Ecumenical Temple.
  3608 | D:5      | Entered Level 5 of the Dungeon
  3627 | D:5      | Reached *** piety under Uskayaw
  3628 | D:5      | Reached **** piety under Uskayaw
  3920 | D:5      | Reached skill level 7 in Short Blades
  4355 | D:5      | Reached XP level 8. HP: 54/54 MP: 8/8
  4681 | D:6      | Reached skill level 8 in Short Blades
  4686 | D:6      | HP: 2/54 [scorpion (9)]
  4687 | D:6      | Gained mutation: Your system is resistant to poisons.
                  | (rPois) [potion of mutation]
  4687 | D:6      | Gained mutation: You are agile. (Dex +2) [potion of
                  | mutation]
  4687 | D:6      | Gained mutation: You have an increased reservoir of magic.
                  | (+10% MP) [potion of mutation]
  4695 | D:6      | HP: 2/54 [poisoned by a scorpion]
  4697 | D:6      | Mangled by a scorpion

Illustrated notes

Levels and vault maps discovered:
D:1:      erik_arrival_blinker_ship, layout_basic
D:2:      minmay_chambers_of_twos, layout_rooms, fountainhead,
          chequers_serial_rivers_small_3, columned_hall_lemuel,
          chequers_serial_rivers_micro_c
D:3:      layout_basic, minitemple, hellmonk_ghost_happy_afterlife, uniq_ijyb,
          uniq_jessica
D:4:      layout_rooms, minmay_temple_entry_slanted, serial_shops, shop,
          first_ration
D:5:      layout_loops_corners
D:6:      layout_cave_pools, kennysheep_mini, serial_shops,
          nicolae_shop_statue_plus, minmay_joined_circles

Skill      XL: |  1  2  3  4  5  6  7  8 |
---------------+-------------------------+-----
Short Blades   | 3 4 5 6 7 8 |  8.2
Dodging        | 2 3 4 |  4.0
Fighting       | 3 4 |  4.0
Throwing       | |  2.0
Stealth        | |  5.3

Action                   |  1- 3 |  4- 6 |  7- 9 || total
-------------------------+-------+-------+-------++-------
Melee: Dagger            |    46 |    94 |    63 ||   203
       Constrict         |    11 |    17 |    14 ||    42
       Tentacles         |     6 |    21 |    13 ||    40
Invok: Stomp             |       |       |     2 ||     2
Evoke: Wand              |       |       |     2 ||     2
  Use: Scroll            |       |     1 |     7 ||     8
       Potion            |       |     4 |     4 ||     8
 Stab: Sleeping          |    15 |    19 |     8 ||    42
       Distracted        |     1 |       |       ||     1
       Invisible         |       |     2 |       ||     2
       Paralysed         |       |       |     5 ||     5
  Eat: Chunk             |       |     8 |     3 ||    11
Armor: Skin              |     1 |     1 |     1 ||     3
Dodge: Dodged            |    16 |    41 |    48 ||   105
